 Dungeon Crawl Stone Soup version 0.26-a0-1184-g95e395e029 (webtiles) character file.

Game seed: 8204347011977341256

3346 sanka the Covert (level 9, 0/44 (49) HPs)
             Began as a Spriggan Enchanter on Dec 27, 2020.
             Was a Priest of Ru.
             Slain by a minotaur
             ... wielding the +10 short sword of Wiat {drain, Str+4}
              (17 damage)
             ... in a Gauntlet.
             The game lasted 00:41:34 (17288 turns).

sanka the Covert (Spriggan Enchanter)              Turns: 17288, Time: 00:41:35

HP:   0/44 (49)     AC:  2    Str:  4    XL:     9   Next: 72%
MP:   25/28         EV: 29    Int: 18    God:    Ru [***...]
Gold: 204           SH:  0    Dex: 19    Spells: 14/20 levels left

rFire    . . .     SeeInvis +   a - +1 dagger
rCold    + + +     Faith    .   (shield restricted)
rNeg     . . .     Spirit   .   b - +0 robe
rPois    .         Reflect  .   (helmet restricted)
rElec    .         Harm     .   N - scarf {rC+ rF+}
rCorr    .         Rampage  .   (gloves unavailable)
Will     +....     NoTele   +   (boots unavailable)
Stlth    +++++++...             H - amulet of the acrobat
HPRegen  0.14/turn              A - ring "Jockofosm" {rC+ MP+9 Slay+2 SInv Stlth+}
MPRegen  0.21/turn              g - ring of ice

@: confusing touch, heavily drained, very quick
A: very small, unfitting armour, see invisible, speed 3, inability to train
armour, inexperienced 1
a: Renounce Religion, Draw Out Power


You were in a Gauntlet.
You worshipped Ru.
Ru was most pleased with you.
You visited 2 branches of the dungeon, and saw 12 of its levels.
You also visited: Sewer and Gauntlet.

You collected 724 gold pieces.
You spent 520 gold pieces at shops.


Innate Abilities, Weirdness & Mutations

You are very small and have problems with some larger weapons.
You are too small for most types of armour.
You have supernaturally acute eyesight. (SInv)
You cover ground extremely quickly.
You cannot train Armour skill.
You are somewhat inexperienced. (-2 XL)


   Skills:
 + Level 6.7 Fighting
 - Level 8.0 Short Blades
 - Level 12.0 Dodging
 + Level 13.0 Stealth
 - Level 6.0 Spellcasting
 - Level 10.0 Hexes


You had 14 spell levels left.
You knew the following spells:

 Your Spells              Type           Power        Failure   Level
z - Ensorcelled Hibernat  Hex/Ice        70%          2%          2
X - Confusing Touch       Hex            41%          1%          3
Z - Corona                Hex            45%          1%          1

Your spell library contained the following spells:

 Spells                   Type           Power        Failure   Level
 Tukima's Dance           Hex            41%          1%          3
 Dazzling Flash           Conj/Hex       46%          4%          3
 Animate Skeleton         Necr           10%          12%         1
 Apportation              Tloc           10%          12%         1
 Summon Small Mammal      Summ           20%          12%         1

Inventory:

Hand Weapons
 a - a +1 dagger (weapon)
 I - the +1 dagger of the Whelk {freeze, rPois rF+ MP-9 Stlth+}

   It has been specially enchanted to freeze those struck by it, causing extra
   injury to most foes and up to half again as much damage against particularly
   susceptible opponents.
   It can also slow down cold-blooded creatures.
   It protects you from fire.
   It protects you from poison.
   It affects your magic capacity (-9).
   It makes you more stealthy.
Armour
 b - a +0 robe (worn)
 N - a scarf of resistance (worn)
Jewellery
 g - a ring of ice (right hand)
 o - the ring of Kanipod {rCorr Stlth+}

   [ring of resist corrosion]

   It provides partial protection from all sources of acid and corrosion.
   It makes you more stealthy.
 s - an uncursed ring of protection from fire
 v - an uncursed ring of protection from cold
 A - the ring "Jockofosm" (left hand) {rC+ MP+9 Slay+2 SInv Stlth+}

   [ring of magical power]

   It affects your accuracy and damage with ranged weapons and melee attacks
   (+2).
   It protects you from cold.
   It affects your magic capacity (+9).
   It lets you see invisible.
   It makes you more stealthy.
 B - the ring of the Stallion {Fire Stlth+, unknown}

   [ring of fire]

   It enhances your fire magic.
   It protects you from fire.
   It makes you vulnerable to cold.
   It makes you more stealthy.
 F - an uncursed ring of fire
 H - an amulet of the acrobat (around neck)
 L - an uncursed ring of willpower
Wands
 j - a wand of polymorph (10)
 l - a wand of paralysis (24)
 p - a wand of enslavement (10)
 u - a wand of random effects (29)
Scrolls
 d - 12 scrolls of teleportation {@r4}
 e - a scroll of magic mapping
 f - a scroll of fear
 h - 3 scrolls of immolation {!r}
 i - a scroll of enchant armour
 k - 2 scrolls of blinking
 x - 3 scrolls of remove curse
 y - 3 scrolls of enchant weapon
 C - 2 scrolls of amnesia
 G - a scroll of torment {!r}
 K - a scroll of acquirement
 M - a scroll of fog
 O - 2 scrolls of identify {@r1}
Potions
 c - 8 potions of curing {@q1}
 m - 2 potions of heal wounds {unknown}
 n - 2 potions of magic {unknown}
 q - 9 potions of attraction {unknown}
 r - a potion of mutation {unknown}
 t - a potion of might {unknown}
 w - a potion of haste {unknown}
 z - 2 potions of resistance {unknown}
 D - a potion of flight {unknown}
 E - 4 potions of brilliance {unknown}
 J - 3 potions of ambrosia {unknown}
 P - a potion of lignification {unknown}

Dungeon Overview and Level Annotations

Branches:
Dungeon (11/15)            Temple (1/1) D:6            Lair (0/6) D:9
  Sewer (visited)         Gauntlet (1/1)
    Orc: D:9-12

Altars:
Ashenzari
Cheibriados
Dithmenos
Elyvilon
Fedhas
Gozag
Hepliaklqana
Kikubaaqudgha
Makhleb
Nemelex Xobeh
Okawaru
Qazlal
Ru
Sif Muna
Trog
Uskayaw
Vehumet
Wu Jian
Xom
Yredelemnul
Zin
The Shining One

Shops:
D:4 ?   D:9 ([**[

Annotations:
D:8 2 transporters, loralnil's ghost, novice GnTm Gauntlet 15 runed translucent doors, 10 transporters, exclusion: ice statue

▒##......▒.▒..≈∩≈.#▒.▒.......≈▒
▒▒▒▒▒▒▒▒▒▒.▒▒▒▒▒▒▒▒▒.▒▒▒▒▒▒▒▒▒▒
▒8▒ ▒≈...............#▒ ▒8▒ ▒▒▒
▒8.8.8.8.8.8.8.8#8▒ ▒▒▒
▒≈..............##▒
▒▒▒.▒.▒▒▒▒▒▒▒.▒.▒▒▒ ▒.▒...(▒
...▒.▒ ▒.▒.▒▒.▒.▒▒.▒.▒
▒.....i....... ▒.▒..▒▒H▒▒..▒.
▒.▒..▒ .8▒ ▒....▒ ..▒ ▒▒▒8.▒
.8▒ ▒▒▒▒ .[▒ .8▒ .}▒


You could see a minotaur.


Message History

There is a transporter here.
You enter the transporter and appear at another place.
Unknown command.
You start resting.
Magic restored.
The elephant trumpets!
You hear a trumpeting!
HP restored.
Unknown command.
A minotaur comes into view.
It is wielding the +10 short sword of Wiat {drain, Str+4}, wearing the +9 plate armour of Tocianuof {Dex+2}, wearing a +2 kite shield of reflection and quivering 11 silver javelins.
Found a chain mail and a lightning rod (4/4).
Unknown command.
Evoke which item? (* to show all) (? for menu, Esc to quit)
Okay, then.
Okay, then.
Okay, then.
Your hands begin to glow red.
The minotaur bellows!
The minotaur throws a silver javelin.
The silver javelin barely misses you.
Here: a minotaur, wielding the +10 short sword of Wiat {drain, Str+4}, wearing the +9 plate armour of Tocianuof {Dex+2}, wearing a +2 kite shield of reflection and quivering 10 silver javelins (chance to confuse on hit: 8%)
The floor.
The minotaur blocks your attack.
The minotaur hits you with the +10 short sword of Wiat {drain, Str+4}!!
Ouch! That really hurt!
* * * LOW HITPOINT WARNING * * *
You feel drained.
* * * LOW HITPOINT WARNING * * *
The minotaur gores you!
You die...

Action                   |  1- 3 |  4- 6 |  7- 9 | 10-12 || total
-------------------------+-------+-------+-------+-------++-------
Melee: Dagger            |    86 |   251 |   143 |   171 ||   651
 Cast: Corona            |     4 |       |       |       ||     4
       Ensorcelled Hiber |    29 |   107 |    78 |   133 ||   347
       Confusing Touch   |       |     2 |    15 |     9 ||    26
Invok: Sacrifice Experie |       |       |     1 |       ||     1
       Sacrifice Durabil |       |       |       |     1 ||     1
  Use: Scroll            |       |    10 |       |     7 ||    17
 Stab: Sleeping          |    28 |    68 |    70 |   104 ||   270
       Distracted        |     1 |       |     2 |     5 ||     8
       Confused          |       |     2 |    14 |     8 ||    24
       Invisible         |       |       |     1 |       ||     1
Armor: Robe              |     6 |    21 |     2 |     1 ||    30
Dodge: Dodged            |    70 |   205 |   119 |   156 ||   550

Levels and vault maps discovered:
D:1:      zelgadis_glass_arrival_small, layout_loops_ring,
          minmay_misc_feat_plants
D:2:      layout_loops_ring, grunt_dithmenos_smoke_and_mirrors,
          lemuel_crystal_altar, nicolae_tso_carved_into_rock
D:3:      layout_loops_ring, old_standard_altar, gup_sewer_entry_pipe,
          minmay_misc_feat_enclosed
D:4:      minmay_thinvault, layout_cave_pools, overflow_temple_1_default,
          ashenzari_altar_1, serial_shops, shop
D:5:      layout_gridville, due_unseen_surprise, uniq_duvessa,
          uniq_blork_the_orc, uniq_eustachio
D:6:      layout_basic, elyvilon_altar_1, minmay_temple_entry_sparse_star,
          uniq_maggie, uniq_edmund, uniq_pikel
D:7:      layout_basic, grunt_temple_overflow_open,
          chequers_serial_rivers_room_a, minmay_fractal_squares_diagonal_5,
          uniq_joseph
D:8:      layout_basic, gammafunk_ghost_berserking_beasts, basic_altar
D:9:      layout_long_grid, lair_entry_dummy, serial_shops, shop,
          nicolae_shop_overgrown_old_shop, kennysheep_little_box,
          nicolae_shop_crystal, nicolae_shop_behind_doors, minivault_7
D:10:     layout_roguey [special_room_orc]
D:11:     layout_loops_cross, gauntlet_entry_generic, gammafunk_ghost_grave,
          yredelemnul_altar_generic
Temple:   minmay_temple_curvy_branch
Gauntlet: gammafunk_gauntlet_branching [gammafunk_gauntlet_arena_chambers,
          minmay_gauntlet_arena_make_your_own_arena,
          gammafunk_gauntlet_arena_grid, nicolae_gauntlet_arena_grate_2,
          gammafunk_gauntlet_arena_hedges, gammafunk_gauntlet_arena_teeth,
          gammafunk_gauntlet_arena_corners,
          gammafunk_gauntlet_arena_arrow_garden,
          nicolae_gauntlet_exit_dead_adventurers]

Notes
Turn   | Place    | Note
-------+----------+-------------------------------------------
     0 | D:1      | sanka the Spriggan Enchanter began the quest for the Orb.
     0 | D:1      | Reached XP level 1. HP: 9/9 MP: 5/5
   282 | D:1      | Reached skill level 5 in Stealth
   402 | D:1      | Reached XP level 2. HP: 13/13 MP: 4/6
   405 | D:1      | Learned a level 2 spell: Ensorcelled Hibernation
   771 | D:1      | Reached skill level 6 in Stealth
  1168 | D:1      | Reached XP level 3. HP: 16/16 MP: 8/8
  1380 | D:1      | Learned a level 3 spell: Confusing Touch
  1384 | D:2      | Reached skill level 7 in Stealth
  1707 | D:2      | Found a blossoming altar of Fedhas.
  2135 | D:2      | Reached XP level 4. HP: 21/21 MP: 4/9
  2216 | D:2      | Found a glowing golden altar of the Shining One.
  2397 | D:2      | Reached skill level 8 in Stealth
  2707 | D:2      | Found a shadowy altar of Dithmenos.
  3029 | D:3      | Reached skill level 2 in Short Blades
  3042 | D:3      | Found a glowing drain.
  3053 | Sewer    | Entered a sewer
  3288 | Sewer    | Reached XP level 5. HP: 24/24 MP: 8/10
  3464 | Sewer    | Reached skill level 3 in Short Blades
  3809 | Sewer    | Reached skill level 4 in Short Blades
  4346 | D:3      | Reached XP level 6. HP: 28/28 MP: 11/11
  4622 | D:3      | Reached skill level 5 in Short Blades
  4739 | D:3      | Found a snail-covered altar of Cheibriados.
  5167 | D:3      | Reached skill level 3 in Spellcasting
  5315 | D:3      | Reached skill level 4 in Hexes
  6492 | D:3      | Found a snail-covered altar of Cheibriados.
  6858 | D:4      | Reached skill level 5 in Hexes
  7106 | D:4      | Got a sparkling brass ring
  7107 | D:4      | Identified the ring of Kanipod {rCorr Stlth+} (You found it
                  | on level 4 of the Dungeon)
  7173 | D:4      | Reached XP level 7. HP: 32/32 MP: 9/12
  7224 | D:4      | Reached skill level 6 in Hexes
  7243 | D:4      | Found Xizechep's Magic Scroll Boutique.
  7335 | D:4      | Found a shimmering altar of Xom.
  7360 | D:4      | Found a broken altar of Ashenzari.
  7455 | D:4      | Reached skill level 7 in Hexes
  7924 | D:5      | Entered Level 5 of the Dungeon
  7930 | D:5      | Noticed Eustachio
  7931 | D:5      | Noticed Blork the orc
  7938 | D:5      | Killed Eustachio
  7939 | D:5      | Reached skill level 8 in Hexes
  7939 | D:5      | Reached skill level 1 in Fighting
  7939 | D:5      | Reached skill level 4 in Dodging
  7940 | D:5      | Killed Blork the orc
  7941 | D:5      | Reached XP level 8. HP: 38/38 MP: 4/13
  8351 | D:5      | Reached skill level 2 in Fighting
  8351 | D:5      | Reached skill level 5 in Dodging
  8411 | D:5      | Noticed Duvessa
  8411 | D:5      | Noticed Dowan
  8450 | D:5      | Killed Duvessa
  8459 | D:5      | Killed Dowan
  8460 | D:5      | Reached skill level 6 in Dodging
  8908 | D:6      | Identified +0 swamp dragon scales
  8908 | D:6      | Noticed Maggie
  8913 | D:6      | Killed Maggie
  8914 | D:6      | Reached skill level 3 in Fighting
  8914 | D:6      | Reached skill level 8 in Dodging
  9062 | D:6      | Reached skill level 9 in Stealth
  9172 | D:6      | Found a white marble altar of Elyvilon.
  9182 | D:6      | Reached skill level 6 in Short Blades
  9439 | D:6      | Noticed Pikel
  9577 | D:6      | Found a staircase to the Ecumenical Temple.
  9585 | D:6      | Reached XP level 9. HP: 44/44 MP: 9/14
  9703 | Temple   | Entered the Ecumenical Temple
  9950 | Temple   | Became a worshipper of Ru the Awakened
 10012 | D:6      | Got a transparent copper ring
 10014 | D:6      | Identified the ring "Jockofosm" {rC+ MP+9 Slay+2 SInv
                  | Stlth+} (You found it on level 6 of the Dungeon)
 10165 | D:6      | Killed Pikel
 10166 | D:6      | Reached skill level 7 in Short Blades
 10166 | D:6      | Reached skill level 10 in Stealth
 10409 | D:6      | Noticed Edmund
 10415 | D:6      | Killed Edmund
 10416 | D:6      | Reached skill level 11 in Stealth
 10944 | D:7      | Found an ornate altar of the Wu Jian Council.
 10971 | D:7      | Reached skill level 8 in Short Blades
 11335 | D:7      | Reached skill level 12 in Stealth
 11408 | D:7      | Found a glowing silver altar of Zin.
 11682 | D:7      | Noticed Joseph
 11690 | D:7      | Killed Joseph
 11968 | D:8      | Reached skill level 4 in Spellcasting
 12089 | D:8      | Reached XP level 10. HP: 49/49 MP: 17/17
 12679 | D:8      | Noticed a moth of wrath
 12682 | D:8      | Found a transporter.
 12682 | D:8      | Noticed loralnil's ghost (novice GnTm)
 12706 | D:8      | Found an iron altar of Okawaru.
 12726 | D:8      | Reached skill level 9 in Dodging
 12816 | D:8      | Found a transporter.
 13070 | D:9      | Found Kiumo's Assorted Antiques.
 13073 | D:9      | Found Eplow's Antique Weapon Shoppe.
 13203 | D:9      | Reached skill level 4 in Fighting
 13215 | D:9      | Reached skill level 5 in Spellcasting
 13215 | D:9      | Reached skill level 9 in Hexes
 13354 | D:9      | Found Orho's Armour Shoppe.
 13394 | D:9      | Found Gileas's General Store.
 13527 | D:9      | Found a staircase to the Lair.
 13712 | D:9      | Noticed a two-headed ogre
 13725 | D:9      | Killed a two-headed ogre
 13726 | D:9      | Reached skill level 10 in Dodging
 13878 | D:9      | Reached skill level 6 in Spellcasting
 14095 | D:9      | Reached skill level 5 in Fighting
 14377 | D:9      | Found Etruass's Armour Shop.
 14510 | D:4      | Bought a scroll of acquirement for 520 gold pieces
 14510 | D:4      | Gained mutation: You cannot train Armour skill. [Ru
                  | sacrifice]
 14510 | D:4      | Reached * piety under Ru
 14628 | D:10     | Entered Level 10 of the Dungeon
 14652 | D:10     | Reached skill level 10 in Hexes
 14884 | D:10     | Reached skill level 11 in Dodging
 14896 | D:10     | Reached XP level 11. HP: 56/56 MP: 19/21
 14994 | D:10     | Got a smoking dagger
 14995 | D:10     | Identified the +1 dagger of the Whelk {freeze, rPois rF+
                  | MP-9 Stlth+} (You found it on level 10 of the Dungeon)
 15450 | D:10     | Identified a scarf of resistance (You found it on level 10
                  | of the Dungeon)
 15949 | D:11     | Reached skill level 6 in Fighting
 15954 | D:11     | Noticed a five-headed hydra
 15985 | D:11     | Reached skill level 12 in Dodging
 16033 | D:11     | Noticed an unseen horror
 16041 | D:11     | Killed an unseen horror
 16112 | D:11     | Found a gate leading to a gauntlet.
 16119 | Gauntlet | Entered a Gauntlet
 16119 | Gauntlet | Found a large runed translucent door.
 16119 | Gauntlet | Found a large runed translucent door.
 16119 | Gauntlet | Found a large runed translucent door.
 16119 | Gauntlet | Found a large runed translucent door.
 16119 | Gauntlet | Found a large runed translucent door.
 16119 | Gauntlet | Found a large runed translucent door.
 16119 | Gauntlet | Found a runed translucent door.
 16119 | Gauntlet | Found a transporter.
 16119 | Gauntlet | Found a transporter.
 16119 | Gauntlet | Found a runed translucent door.
 16119 | Gauntlet | Found a large runed translucent door.
 16119 | Gauntlet | Found a large runed translucent door.
 16119 | Gauntlet | Found a large runed translucent door.
 16119 | Gauntlet | Found a large runed translucent door.
 16119 | Gauntlet | Found a large runed translucent door.
 16119 | Gauntlet | Found a large runed translucent door.
 16167 | Gauntlet | Found a transporter.
 16167 | Gauntlet | Found a transporter.
 16173 | Gauntlet | Noticed a soul eater
 16177 | Gauntlet | Found a transporter.
 16187 | Gauntlet | Found a transporter.
 16187 | Gauntlet | Found a transporter.
 16192 | Gauntlet | Found a transporter.
 16198 | Gauntlet | Noticed a necromancer
 16204 | Gauntlet | Noticed a blizzard demon
 16205 | Gauntlet | Noticed a dire elephant
 16225 | Gauntlet | Found a transporter.
 16232 | Gauntlet | Found a transporter.
 16245 | Gauntlet | Found a large runed translucent door.
 16246 | Gauntlet | Found a large runed translucent door.
 16248 | Gauntlet | Found a runed translucent gate.
 16249 | Gauntlet | Found a runed translucent gate.
 16250 | Gauntlet | Found a transporter.
 16250 | Gauntlet | Found a runed translucent gate.
 16295 | Gauntlet | Found a transporter.
 16306 | Gauntlet | Found a transporter.
 16308 | Gauntlet | Noticed a tengu warrior
 16322 | Gauntlet | Found a transporter.
 16323 | Gauntlet | Gained mutation: You are somewhat inexperienced. (-2 XL)
                  | [Ru sacrifice]
 16323 | Gauntlet | Reached XP level 10. HP: 53/53 MP: 29/29
 16323 | Gauntlet | Reached XP level 9. HP: 49/49 MP: 28/28
 16323 | Gauntlet | Reached ** piety under Ru
 16323 | Gauntlet | Reached *** piety under Ru
 16330 | Gauntlet | Noticed a tengu conjurer
 16406 | Gauntlet | Found a large runed translucent door.
 16406 | Gauntlet | Found a large runed translucent door.
 16424 | Gauntlet | Found a transporter.
 16440 | Gauntlet | Found a transporter.
 16444 | Gauntlet | Noticed a wizard
 16922 | Gauntlet | Killed a rime drake
 16970 | Gauntlet | Killed a wizard
 16971 | Gauntlet | Reached skill level 13 in Stealth
 17076 | Gauntlet | Got a coiled pewter ring
 17280 | Gauntlet | Identified the +10 short sword of Wiat {drain, Str+4}
 17280 | Gauntlet | Identified the +9 plate armour of Tocianuof {Dex+2}
 17280 | Gauntlet | Noticed a minotaur
 17288 | Gauntlet | Slain by a minotaur

Vanquished Creatures
  A two-headed ogre (D:9)
  An unseen horror (D:11)
  A wizard (Gauntlet)
  Pikel (D:6)
  A cyclops (D:11)
  Joseph (D:7)
  Maggie (D:6)
  A rime drake (Gauntlet)
  A queen bee (D:9)
  A hornet (D:9)
  10 yaks
  Eustachio (D:5)
  Edmund (D:6)
  Duvessa (D:5)
  3 ice beasts
  4 sky beasts
  6 orc warriors
  2 phantoms
  5 centaurs
  4 ogres
  4 lemures (D:6)
  Blork the orc (D:5)
  3 bullfrogs
  Dowan (D:5)
  A wyvern zombie (D:9)
  2 wyvern skeletons
  3 scorpions
  A water moccasin skeleton (D:4)
  23 killer bees
  3 howler monkeys
  2 centaur zombies
  2 bullfrog zombies
  A jelly (D:7)
  4 orc priests
  6 hounds
  6 orc wizards
  A bullfrog skeleton (D:11)
  3 iguanas
  13 worker ants
  A killer bee zombie (D:10)
  A hound skeleton (D:7)
  2 worker ant zombies
  15 adders
  A howler monkey skeleton (D:8)
  3 shadow imps
  2 white imps (Gauntlet)
  An ufetubus (D:5)
  An adder skeleton (D:8)
  6 worms
  3 dart slugs (D:1)
  18 leopard geckos
  58 orcs
  19 giant cockroaches
  8 goblins
  9 hobgoblins
  15 jackals
  9 kobolds
  3 quokkas
  4 ball pythons
  5 bats
  6 frilled lizards
  A jackal skeleton (D:7)
  A leopard gecko skeleton (D:7)
  11 rats
330 creatures vanquished.

Vanquished Creatures (others)
  A ball python (Sewer)
  4 fungi (Gauntlet)
  10 plants (Gauntlet)
  25 withered plants (Gauntlet)
40 creatures vanquished.

Grand Total: 370 creatures vanquished
